 Dungeon Crawl Stone Soup version 0.28-a0-1404-g4df0f3684d (webtiles) character file.

Game seed: 12287761105717526264

111 eustatius the Gusty (level 4, 0/33 HPs)
             Began as a Demigod Air Elementalist on Jan 6, 2022.
             Slain by a kobold (4 damage)
             ... on level 4 of the Dungeon.
             The game lasted 00:12:57 (3201 turns).

eustatius the Gusty (Demigod Air Elementalist)      Turns: 3201, Time: 00:12:59

Health: 0/33       AC: 15    Str:  9    XL:     4   Next: 36%
Magic:  10/10      EV:  0    Int: 21    God:
Gold:   119        SH:  0    Dex: 14    Spells: 0/8 levels left

rFire   . . .      SeeInvis .   h - +2 short sword (flame)
rCold   . . .      Faith    .   e - orb {light}
rNeg    . . .      Spirit   .   x - +4 plate armour {rPois}
rPois   +          Reflect  .   t - +0 helmet
rElec   .          Harm     .   (no cloak)
rCorr   .          Rampage  .   (no gloves)
Will    .....                   (no boots)
Stlth   ..........              c - amulet of magic regeneration
HPRegen 0.11/turn               (no ring)
MPRegen 0.52/turn               (no ring)

@: lethally poisoned (0 -> -3), glowing
A: high mp 1, forlorn, divine attributes
a: no special abilities


You were on level 4 of the Dungeon.
You visited 1 branch of the dungeon, and saw 4 of its levels.

You collected 119 gold pieces.

Inventory:

Hand Weapons
 h - a +2 short sword of flaming (weapon)
 w - a +2 dagger of venom
Missiles
 i - 145 stones
Armour
 a - a +0 robe
 e - an orb of light (worn)
 s - an orb of wrath
 t - a +0 helmet (worn)
 u - a +0 animal skin
 x - a +4 plate armour of poison resistance (worn)
 y - a +0 leather armour of fire resistance
Jewellery
 c - an amulet of magic regeneration (around neck)
 o - a ring of ice
Scrolls
 g - a scroll of magic mapping {unknown}
 k - a scroll of noise {unknown}
 l - a scroll of fear {unknown}
 m - 5 scrolls of identify {unknown}
 n - a scroll of acquirement {unknown}
 r - 2 scrolls of teleportation {unknown}
 v - a scroll of blinking {unknown}
Potions
 b - a potion of haste {unknown}
 d - a potion of might {unknown}
 f - 2 potions of attraction {unknown}
 j - 2 potions of lignification {unknown}
 p - a potion of degeneration {unknown}
 q - a potion of curing {unknown}


   Skills:
 * Level 0.4 Short Blades
 - Level 2.1 Dodging
 - Level 1.8 Stealth
 - Level 2.5 Spellcasting
 - Level 1.5 Conjurations
 - Level 4.0 Air Magic


You couldn't memorise any spells.
You knew the following spells:

 Your Spells              Type           Power      Damage    Failure   Level
a - Shock                 Conj/Air       56%        1d6       100%        1
b - Swiftness             Air            19%        N/A       100%        3
c - Airstrike             Air            9%         N/A       100%        4

Your spell library contained the following spells:

 Spells                   Type           Power      Damage    Failure   Level
 Static Discharge         Conj/Air       14%        N/A       100%        2
 Conjure Flame            Conj/Fire      5%         6-21      100%        3
 Ignite Poison            Fire/Tmut/Pois 2%         N/A       100%        3
 Sticky Flame             Conj/Fire      5%         2d3       100%        4


Dungeon Overview and Level Annotations

Branches:
Dungeon (4/15)
 Temple: D:4-7

Shops:
D:3 (


Innate Abilities, Weirdness & Mutations

You have an increased reservoir of magic. (+10% MP)
You shall have no god before yourself.
Your divine heritage dramatically boosts your attributes as you level up.


Message History

You hit the hobgoblin. You burn the hobgoblin.
The hobgoblin is almost dead.
The kobold hits you but does no damage.
The hobgoblin hits you but does no damage.
You hit the hobgoblin. You burn the hobgoblin.
You kill the hobgoblin!
The kobold hits you but does no damage. The scorpion completely misses you.
You hit the scorpion. You burn the scorpion.
The scorpion is moderately wounded.
The kobold hits you but does no damage. The scorpion completely misses you.
You hit the scorpion but do no damage.
The scorpion is moderately wounded.
The kobold hits you with a +0 short sword.
The scorpion stings you.
You are poisoned.
The scorpion poisons you!
You hit the scorpion but do no damage.
The scorpion is moderately wounded.
You feel very sick. The kobold hits you but does no damage.
The scorpion stings you but does no damage. x2
The kobold hits you but does no damage.
You hit the scorpion but do no damage.
The scorpion is moderately wounded.
You feel sick. The scorpion stings you.
The kobold hits you with a +0 short sword.
* * * LOW HITPOINT WARNING * * *
You barely miss the scorpion.
The scorpion is moderately wounded.
* * * LOW HITPOINT WARNING * * *
You feel sick.
The scorpion stings you but does no damage.
The kobold hits you but does no damage.
You hit the scorpion. You burn the scorpion.
The scorpion is moderately wounded.
* * * LOW HITPOINT WARNING * * *
You feel sick.
The scorpion stings you but does no damage.
The kobold hits you with a +0 short sword.
You die...

.................>.###.#
###.##....⌠............#
#.#..................# #
#.#....._..........#
#.#................#
#.###...###+###.####
#.#.......# #.#
#####.......... #.#
.........@†.....# #.#
..####.#Ks......# #.####
#........(.# ##..)..
............# #......
#.............# #.#####
#..###........# #.#####
#.. .........# #.#....
#. #........# #.#.###
..#.#


You could see a scorpion and a kobold.

Vanquished Creatures
  Robin (D:3)
  A gnoll (D:1)
  2 adders (D:2)
  An ufetubus (D:3)
  2 dart slugs
  An orc (D:3)
  2 bats
  7 endoplasms
  A giant cockroach (D:1)
  10 goblins
  9 hobgoblins
  3 jackals (D:1)
  6 ball pythons
  4 frilled lizards
  5 kobolds
  5 rats
60 creatures vanquished.

Vanquished Creatures (others)
  A plant (D:2)
  2 withered plants (D:1)
3 creatures vanquished.

Grand Total: 63 creatures vanquished

Notes
Turn   | Place    | Note
-------+----------+-------------------------------------------
     0 | D:1      | eustatius the Demigod Air Elementalist began the quest for
                  | the Orb.
     0 | D:1      | Reached XP level 1. HP: 14/14 MP: 5/5
   284 | D:1      | Reached skill level 3 in Air Magic
   306 | D:1      | Reached XP level 2. HP: 20/20 MP: 2/7
   444 | D:1      | Reached skill level 1 in Conjurations
   985 | D:2      | Reached XP level 3. HP: 26/26 MP: 6/8
  2093 | D:2      | Learned a level 3 spell: Swiftness
  2212 | D:3      | Found Huzawiq's Weapon Boutique.
  2350 | D:3      | Reached XP level 4. HP: 33/33 MP: 7/10
  2435 | D:3      | Noticed Robin
  2480 | D:3      | Killed Robin
  2485 | D:3      | Reached skill level 4 in Air Magic
  2888 | D:3      | Learned a level 4 spell: Airstrike
  3201 | D:4      | Slain by a kobold

Illustrated notes

Levels and vault maps discovered:
D:1:      scummos_arrival_star, layout_basic,
          ebering_ecumenical_altar_petrified, fountainhead, minmay_pentomino_r2
D:2:      layout_basic, serial_bayou_pond_e, minmay_misc_feat_four_crosses
D:3:      layout_rooms, serial_shops, nicolae_shop_bloodbath_and_beyond,
          minmay_hedge_maze, hangedman_abyss_or_decor_lesser_grid, uniq_robin
D:4:      layout_basic, mainiacjoe_overflow_small_starburst,
          mainiacjoe_overflow_large_starburst, grunt_temple_overflow_open,
          hangedman_abyss_or_decor_stabs, guppyfry_early_orc_mine

Skill      XL: |  1  2  3  4 |
---------------+-------------+-----
Air Magic      | 3 4 |  4.0
Spellcasting   | 2 |  2.5
Conjurations   | 1 |  1.5
Dodging        | 2 |  2.1
Short Blades   | |  0.4
Stealth        | |  1.8

Action                   |  1- 3 |  4- 6 || total
-------------------------+-------+-------++-------
Melee: Unarmed           |    12 |       ||    12
       Punch             |     1 |       ||     1
       Short sword       |     6 |    23 ||    29
 Cast: Shock             |    78 |    26 ||   104
Armor: Robe              |     5 |       ||     5
       Plate armour      |       |    16 ||    16
Dodge: Dodged            |    18 |     9 ||    27

Table legend: (Time is in decaauts)
 A = Elapsed time spent in this place.
 B = Non-inter-level travel time spent in this place.
 C = Inter-level travel time spent in this place.
 D = Time resting spent in this place.
 E = Time spent auto-exploring this place.
 F = Levels seen in this place.
 G = Mean time per level.
                   A        B        C        D        E       F      G
               +--------+--------+--------+--------+--------+-----+--------+
         Total |   3205 |   2919 |    286 |      0 |   2321 |   4 |  801.2 |
       Dungeon |   3205 |   2919 |    286 |      0 |   2321 |   4 |  801.2 |
               +--------+--------+--------+--------+--------+-----+--------+

Top non-repeatable levels by time:
     D:2: 1151 daAuts
     D:1: 945 daAuts
     D:3: 807 daAuts
     D:4: 300 daAuts
